 Dungeon Crawl Stone Soup version 0.31-a0-819-gf6de2f5ab6 (webtiles) character file.

Game seed: 16790284932552268250

2000 rjrrt the Cleaver (level 9, 0/78 HPs)
             Began as a Minotaur Berserker on Sept 24, 2023.
             Was an Elder of Trog.
             Slain by an orc wizard
             ... wielding a +0 dagger
              (2 damage)
             ... on level 6 of the Dungeon.
             The game lasted 00:10:07 (4317 turns).

rjrrt the Cleaver (Minotaur Berserker)              Turns: 4317, Time: 00:10:08

Health: 0/78       AC: 12    Str: 25    XL:     9   Next: 2%
Magic:  8/8        EV: 10    Int:  4    God:    Trog [****..]
Gold:   275        SH:  0    Dex: 11    Spells: 8/8 levels left

rFire   . . .        a - +0 war axe (drain)
rCold   . . .        (no shield)
rNeg    . . .        j - +0 chain mail
rPois   .            (helmet restricted)
rElec   .            l - +1 cloak
rCorr   .            (no gloves)
SInv    +            (no boots)
Will    .....        (no amulet) Stlth
                     k - ring of see invisible
HPRegen 0.33/turn    (no ring)
MPRegen 0.11/turn

%: no passive effects
@: mesmerised
A: horns 2, retaliatory headbutt
a: Renounce Religion, Berserk, Trog's Hand, Brothers in Arms


You were on level 6 of the Dungeon.
You worshipped Trog.
Trog was greatly pleased with you.
You visited 1 branch of the dungeon, and saw 6 of its levels.

You collected 275 gold pieces.

Inventory:

Hand Weapons
 a - a +0 war axe of draining (weapon)
 b - a +2 spear of venom
 n - a +3 battleaxe of freezing
Missiles
 e - 4 boomerangs (quivered)
 q - a throwing net
Armour
 j - a +0 chain mail (worn)
 l - a +1 cloak (worn)
Jewellery
 k - a ring of see invisible (left hand)
Scrolls
 d - a scroll of poison
 g - a scroll of fog
 m - a scroll of vulnerability
Potions
 c - 3 potions of heal wounds
 f - a potion of mutation {unknown}
 h - 3 potions of enlightenment
 i - 3 potions of curing
 o - a potion of ambrosia {unknown}
 p - a potion of cancellation {unknown}
 r - 2 potions of lignification
 s - a potion of invisibility {unknown}
 t - a potion of attraction {unknown}
 u - a potion of resistance {unknown}


   Skills:
 + Level 6.7 Fighting
 + Level 10.7 Axes
 + Level 6.0 Armour
 + Level 5.5 Dodging


You had 8 spell levels left.
You didn't know any spells.
Your spell library was empty.

Dungeon Overview and Level Annotations

Branches:
Dungeon (6/15)             Temple (0/1) D:6

Altars:
Gozag

Shops:
D:2 [

Annotations:
D:3 3 runed translucent doors, Stellion's ghost, amateur HuHu
D:6 Maggie


Innate Abilities, Weirdness & Mutations

You have a pair of horns on your head.
You reflexively headbutt those who attack you in melee.


Message History

Maggie is moderately wounded.
You hit the orc wizard but do no damage.
Maggie casts a spell at you. The bolt of fire hits you!!
* * * LOW HITPOINT WARNING * * *
The orc wizard hits you but does no damage.
You are too injured to fight recklessly!
Unknown command.
You are too injured to fight recklessly!
Unknown command.
You are too injured to fight recklessly!
Unknown command.
You are too mesmerised to rage.
Unknown command.
You barely miss Maggie. Your headbutt misses Maggie.
Maggie is moderately wounded.
You slash the orc wizard!
Maggie hits you with a +1 halberd of flaming!
* * * LOW HITPOINT WARNING * * *
Maggie burns you.
* * * LOW HITPOINT WARNING * * *
The orc wizard hits you but does no damage.
You closely miss Maggie.
Maggie is moderately wounded.
You hit the orc wizard. You drain the orc wizard. Maggie casts a spell at you.
The bolt of fire misses you.
The orc wizard gestures at you while chanting.
The magic dart hits you!
* * * LOW HITPOINT WARNING * * *
You hit Maggie but do no damage.
Maggie is moderately wounded.
You closely miss the orc wizard. Maggie hits you but does no damage.
The orc wizard hits you but does no damage.
Unknown command.
You hit Maggie. You drain Maggie.
Maggie is moderately wounded.
You closely miss the orc wizard. Maggie barely misses you.
The orc wizard hits you with a +0 dagger.
You die...

.. .......
......! .:.....
$...... .......
...$...
###@......
#.@o§.§.§.
#.≈§≈§≈≈≈≈
#.≈§§§....
#####)§.#####.§
#.....≈.#....
≈..######
#.....≈§#._.#
≈........
#..##.§§....#
≈..###...
#..##.§§#####.≈..
#.#. #.
#..§..§§...≈..
#.##


You could see Maggie (mesmerising, very drained) and an orc wizard (invisible,
very drained).

Vanquished Creatures
  Sigmund (D:2)
  A steam dragon (D:6)
  Duvessa (D:5)
  A sky beast (D:4)
  A black bear (D:4)
  An ogre (D:5)
  2 phantoms
  A bullfrog (D:6)
  2 scorpions
  4 wights (D:6)
  Dowan (D:5)
  An orc priest (D:6)
  7 hounds
  A jelly (D:4)
  2 iguanas
  A sleepcap (D:4)
  4 orc wizards
  5 adders
  16 gnolls
  A white imp (D:4)
  An ufetubus (D:4)
  3 worms
  2 dart slugs (D:1)
  11 orcs
  4 bats
  12 endoplasms
  3 giant cockroaches
  10 goblins
  8 hobgoblins
  13 jackals
  3 quokkas
  4 ball pythons
  8 frilled lizards
  5 kobolds
  7 rats
148 creatures vanquished.

Notes
Turn   | Place    | Note
-------+----------+-------------------------------------------
     0 | D:1      | rjrrt the Minotaur Berserker began the quest for the Orb.
     0 | D:1      | Reached XP level 1. HP: 19/19 MP: 0/0
    52 | D:1      | Reached skill level 4 in Axes
    81 | D:1      | Reached XP level 2. HP: 20/26 MP: 1/1
   274 | D:1      | Reached skill level 5 in Axes
   301 | D:1      | Reached XP level 3. HP: 31/31 MP: 2/2
   430 | D:1      | Reached ** piety under Trog
   737 | D:2      | Found Afohumm's Armour Emporium.
   767 | D:2      | Noticed Sigmund
   780 | D:2      | Killed Sigmund
   781 | D:2      | Reached skill level 7 in Axes
   781 | D:2      | Reached XP level 4. HP: 39/39 MP: 3/3
   781 | D:2      | Reached XP level 5. HP: 45/45 MP: 4/4
   859 | D:2      | Reached skill level 8 in Axes
   958 | D:2      | Reached XP level 6. HP: 39/51 MP: 5/5
  1524 | D:3      | Reached *** piety under Trog
  1820 | D:3      | Found a runed translucent gate.
  1823 | D:3      | Found a runed translucent gate.
  1824 | D:3      | Found a runed translucent gate.
  1824 | D:3      | Noticed Stellion's ghost (amateur HuHu)
  1915 | D:4      | Noticed a sky beast
  1930 | D:4      | Killed a sky beast
  1931 | D:4      | Reached skill level 9 in Axes
  2276 | D:4      | Reached XP level 7. HP: 57/59 MP: 6/6
  2830 | D:4      | Identified the +2 short sword of Crusades {pain, rN++
                  | Dex+2}
  3307 | D:5      | Entered Level 5 of the Dungeon
  3334 | D:5      | Reached skill level 5 in Fighting
  3384 | D:5      | Reached XP level 8. HP: 68/68 MP: 7/7
  3473 | D:5      | Reached skill level 10 in Axes
  3483 | D:5      | Noticed Duvessa
  3483 | D:5      | Noticed Dowan
  3505 | D:5      | Killed Duvessa
  3505 | D:5      | Killed Dowan
  3615 | D:5      | Identified the +9 mace of Infinity {flame, Will+ Int+3
                  | Dex-5 Stlth+}
  3624 | D:5      | Reached skill level 5 in Armour
  3816 | D:6      | Reached **** piety under Trog
  3817 | D:6      | Reached skill level 5 in Dodging
  4129 | D:6      | Found a staircase to the Ecumenical Temple.
  4215 | D:6      | Reached XP level 9. HP: 66/78 MP: 8/8
  4295 | D:6      | Found an opulent altar of Gozag.
  4301 | D:6      | Noticed Maggie
  4315 | D:6      | HP: 2/78 [orc wizard/magic dart (7)]
  4317 | D:6      | Slain by an orc wizard

Illustrated notes

Levels and vault maps discovered:
D:1:      psy_arrival_whirlpool, layout_rooms
D:2:      kennysheep_big_flooded_room, layout_loops_ring, serial_shops, shop,
          nicolae_grassy_gnolls, uniq_sigmund
D:3:      wander_river, layout_rooms, biasface_ghost_orc_armoury
D:4:      wad_river_or_something, layout_basic
D:5:      layout_rooms, hangedman_abyss_or_decor_stabs, skrybe_limestone_x,
          item_on_display_a, uniq_duvessa
D:6:      layout_basic, mainiacjoe_overflow_brackets,
          minmay_temple_entry_overgrown, uniq_maggie

Skill      XL: |  1  2  3  4  5  6  7  8 |
---------------+-------------------------+-----
Axes           | 4 5 7 8 9 10 | 10.7
Fighting       | 4 5 6 |  6.7
Armour         | 4 6 |  6.0
Dodging        | 3 5 |  5.5

Action                     |  1- 3 |  4- 6 |  7- 9 || total
---------------------------+-------+-------+-------++-------
  Melee: Hand axe          |    95 |   116 |    95 ||   306
         Headbutt          |     9 |    29 |    27 ||    65
         Punch             |     2 |     3 |       ||     5
         War axe           |       |       |    58 ||    58
  Throw: Boomerang         |       |       |     1 ||     1
 Invoke: Berserk           |     1 |     1 |     1 ||     3
    Use: Scroll            |       |     8 |     5 ||    13
 Armour: Animal skin       |     6 |       |       ||     6
         Chain mail        |    43 |    74 |   105 ||   222
  Dodge: Dodged            |    41 |    37 |    74 ||   152

Table legend: (Time is in decaauts)
 A = Elapsed time spent in this place.
 B = Non-inter-level travel time spent in this place.
 C = Inter-level travel time spent in this place.
 D = Time resting spent in this place.
 E = Time spent auto-exploring this place.
 F = Levels seen in this place.
 G = Mean time per level.
                   A        B        C        D        E       F      G
               +--------+--------+--------+--------+--------+-----+--------+
         Total |   4317 |   4184 |    133 |    332 |   2852 |   6 |  719.5 |
       Dungeon |   4317 |   4184 |    133 |    332 |   2852 |   6 |  719.5 |
               +--------+--------+--------+--------+--------+-----+--------+

Top non-repeatable levels by time:
     D:4: 1377 daAuts
     D:2: 807 daAuts
     D:1: 627 daAuts
     D:6: 536 daAuts
     D:3: 500 daAuts
     D:5: 468 daAuts
